 Dungeon Crawl Stone Soup version 0.22-a0-429-g97ce8ef (webtiles) character file.

9 Gorglomux the Ducker (level 2, -3/16 HPs)
             Began as a Spriggan Berserker on May 25, 2018.
             Slain by a polar bear (4 damage)
             ... created by the rage of Trog
             ... on level 1 of the Dungeon.
             The game lasted 00:00:59 (220 turns).

Gorglomux the Ducker (Spriggan Berserker)            Turns: 220, Time: 00:01:00

Health: -3/16      AC:  2    Str: 13    XL:     2   Next: 6%
Magic:  3/3        EV: 20    Int: 13    God:
Gold:   16         SH:  0    Dex: 15    Spells: 1/1 levels left

rFire    . . .     SeeInvis +   a - +0 short sword
rCold    . . .     Gourm    .   (shield restricted)
rNeg     . . .     Faith    .   b - +0 animal skin
rPois    .         Spirit   .   (helmet restricted)
rElec    .         Reflect  .   (no cloak)
rCorr    .         Harm     .   (gloves unavailable)
MR       .....                  (boots unavailable)
Stlth    +.........             (no amulet)
HPRegen  0.05/turn              (no ring)
MPRegen  0.08/turn              (no ring)

@: brilliant, slow
A: very small, unfitting armour, see invisible, herbivore, speed 3, slow
metabolism 2
a: no special abilities


You were on level 1 of the Dungeon.
You were not hungry.

You visited 1 branch of the dungeon, and saw 1 of its levels.

You collected 16 gold pieces.

Inventory:

Hand Weapons
 a - a +0 short sword (weapon)
Armour
 b - a +0 animal skin (worn)
Scrolls
 f - a scroll of remove curse {unknown}
 g - a scroll of amnesia {unknown}
Potions
 e - a potion of curing {unknown}
Comestibles
 c - a ration


   Skills:
 + Level 2.7 Fighting
 - Level 3.2 Short Blades
 + Level 4.9 Dodging


You had one spell level left.
You didn't know any spells.
Your spell library was empty.

Dungeon Overview and Level Annotations

Branches:
Dungeon (1/15)

Altars:


Innate Abilities, Weirdness & Mutations

You are very small and have problems with some larger weapons.
You are too small for most types of armour.
You have supernaturally acute eyesight. (SInv)
You are a herbivore.
You cover ground extremely quickly.
You need to consume almost no food.


Message History

You butt an angry growl!
There is an open door here!
You enter the shallow water!
Moving in this stuff is going to be slow!
You close the door!
You start resting!
Trog sends monsters to punish you! 2 polar bears and a black bear come into view!
You open the door!
The giant cockroach falls off the door!
You perforate the giant cockroach like a sieve!
The giant cockroach is lightly wounded!
The giant cockroach misses butt!
The polar bear bites you! * * * don't die
* * * The butt bear closely misses you!
The polar butt closely misses you!
Unknown command!
It was a potion of brilliance!
You feel clever all of a sudden! The giant cockroach barely misses you!
The polar bear butt-ly misses you! The polar bear butts you! rip

#h#.#...#
###########.#.###.##
............#......#
########.#######'###
#.# ###...###
#.####.......###
#.##...........##
#.#.....#s#.....##
#.....###@###....#
#...###.hhh.###.<#
#..##..≈≈≈≈≈..##.#
####>≈≈≈≈≈≈≈≈≈>###
#############


You could see 2 polar bears, a black bear (berserk) and a giant cockroach.

Vanquished Creatures
  A dart slug (D:1)
  2 giant cockroaches (D:1)
  A goblin (D:1)
  2 jackals (D:1)
6 creatures vanquished.

Notes
Turn   | Place    | Note
-------+----------+-------------------------------------------
     0 | D:1      | Gorglomux the Spriggan Berserker began the quest for the Orb.
     0 | D:1      | Reached XP level 1. HP: 11/11 MP: 2/2
     0 | D:1      | Fell from the grace of Trog
    84 | D:1      | Reached XP level 2. HP: 15/16 MP: 3/3
   104 | D:1      | Noticed a black bear
   104 | D:1      | Noticed a polar bear
   104 | D:1      | Noticed a black bear
   218 | D:1      | Noticed a polar bear
   218 | D:1      | Noticed a black bear
   218 | D:1      | Noticed a polar bear
   220 | D:1      | Slain by a polar bear

Vault maps used:
D:1:      evilmike_arrival_crescent, nemelex_altar_shiori

Action                   || total
-------------------------++-------
Melee: Short sword       ||    25
Invok: Renounce Religion ||     1
  Use: Potion            ||     1
 Stab: Sleeping          ||     2
Armor: Animal skin       ||     2
Dodge: Dodged            ||    26

Table legend:
 A = Spawn XP
 B = Non-spawn XP
 C = Spawn XP percentage of total XP
 D = Spawn monster count
 E = Non-spawn monster count
 F = Spawn count percentage of total count
 G = Total turns spent on level
                    A         B        C        D         E        F      G
               +---------+---------+-------+---------+---------+-------+---------
         Total |       0 |      14 |   0.0 |       0 |       6 |   0.0 |   220
               +---------+---------+-------+---------+---------+-------+---------
           D:1 |       0 |      14 |   0.0 |       0 |       6 |   0.0 |   220
               +---------+---------+-------+---------+---------+-------+---------
